 Dungeon Crawl Stone Soup version 0.18-a0-1639-g7533f42 (webtiles) character file.

95 Krapule the Skirmisher (level 4, 0/48 HPs)
             Began as an Ogre Skald on Mar 27, 2016.
             Slain by an adder (3 damage)
             ... on level 3 of the Dungeon.
             The game lasted 00:06:21 (2154 turns).

Krapule the Skirmisher (Ogre Skald)                 Turns: 2154, Time: 00:06:21

Health: 0/48       AC:  3    Str: 17    XL:     4   Next: 65%
Magic:  5/8        EV: 10    Int: 12    God:
Gold:   64         SH:  0    Dex:  9    Spells: 1 memorised, 8 levels left

rFire  . . .     SeeInvis .     a - +0 mace
rCold  . . .     Gourm    .     b - +0 robe
rNeg   . . .     Faith    .     (no shield)
rPois  .         Spirit   .     (helmet restricted)
rElec  .         Dismiss  .     (no cloak)
rCorr  .         Reflect  .     (gloves unavailable)
SustAt .         Harm     .     (boots unavailable)
MR     .....                    (no amulet)
Stlth  +.........               (no ring)
                                (no ring)

@: lethally poisoned (0 -> -2), infused (expiring), invisible, not resistant to
hostile enchantments, very unstealthy
A: unfitting armour, tough skin 1
a: no special abilities


You were on level 3 of the Dungeon.
You were not hungry.

You visited 1 branch of the dungeon, and saw 3 of its levels.

You collected 64 gold pieces.

Inventory:

Hand Weapons
 a - a +0 mace (weapon)
Armour
 b - a +0 robe (worn)
Jewellery
 m - an uncursed amulet of rage {unknown}
Scrolls
 l - a scroll of identify
Potions
 g - a potion of lignification
 h - a potion of berserk rage {unknown}
 i - a potion of invisibility
 j - a potion of might
 k - a potion of magic {unknown}
Books
 c - a book of Battle

   Spells                             Type                      Level
   a - Infusion                       Charms                       1
   b - Shroud of Golubria             Charms/Translocation         2
   c - Song of Slaying                Charms                       2
   d - Spectral Weapon                Hexes/Charms                 3
   e - Regeneration                   Charms/Necromancy            3
 e - a book of Unlife

   Spells                             Type                      Level
   a - Recall                         Summoning/Translocation      3
   b - Animate Dead                   Necromancy                   4
   c - Control Undead                 Necromancy                   4
   d - Cigotuvi's Embrace             Necromancy                   5
   e - Death Channel                  Necromancy                   6
   f - Simulacrum                     Ice/Necromancy               6
Comestibles
 d - 4 bread rations
 f - 2 meat rations


   Skills:
 + Level 4.0 Fighting
 - Level 3.0 Maces & Flails
 + Level 2.4 Dodging
 - Level 3.0 Spellcasting
 + Level 2.6 Charms


You had 8 spell levels left.
You knew the following spells:

 Your Spells              Type           Power        Failure   Level  Hunger
a - Infusion              Chrm           #...         12%         1    #......


Dungeon Overview and Level Annotations

Branches:
Dungeon (3/15)

Altars:


Innate Abilities, Weirdness & Mutations

You are too large for most types of armour.
You have tough skin (AC +1).


Message History

Your magical infusion is running out.
You feel sick. The adder bites you.
* * * LOW HITPOINT WARNING * * *
The adder barely misses you.
You barely miss the adder.
The adder is almost dead.
You feel sick. The adder bites you.
* * * LOW HITPOINT WARNING * * *
You miss the adder.
The adder is almost dead.
The adder bites you.
* * * LOW HITPOINT WARNING * * *
The adder barely misses you.
* * * LOW HITPOINT WARNING * * *
You feel sick.
Drink which item? (? for menu, Esc to quit)
It was a potion of invisibility.
You fade into invisibility!
The adder bites you.
You die...

................
...............>...# ##
......<............# .#
...................# .#
....$............. .#
........†.# ... .#
.>..#...##w####.####. .#
......#.##S.......... .#
.#..#.#..@........#
.######.##.#..#.........^##
....##.. #.(#.#...........#
###..#.# ##...#.#.......#.#
##.#.# #..............#
#...### ##............... #
#..#...# #..#########..##
####.###.#####.# .... .#
#.# #..##...# .#.


You could see a worm and an adder.

Vanquished Creatures
  4 adders
  2 worms (D:2)
  2 dart slugs (D:2)
  A giant gecko (D:2)
  2 giant cockroaches (D:1)
  10 goblins
  4 hobgoblins
  A quokka (D:2)
  2 ball pythons
  6 bats
  4 giant newts
  7 kobolds
  4 rats
49 creatures vanquished.

Notes
Turn   | Place    | Note
--------------------------------------------------------------
     0 | D:1      | Krapule the Ogre Skald began the quest for the Orb.
     0 | D:1      | Reached XP level 1. HP: 22/22 MP: 3/3
   198 | D:1      | Reached XP level 2. HP: 5/29 MP: 5/5
   229 | D:1      | Reached skill level 3 in Fighting
   840 | D:2      | Reached XP level 3. HP: 26/37 MP: 6/6
  1685 | D:2      | Reached XP level 4. HP: 48/48 MP: 4/8
  2142 | D:3      | Reached skill level 4 in Fighting
  2154 | D:3      | Slain by an adder

Vault maps used:
D:1:      lightli_arrival_boilingwater
D:3:      kennysheep_the_goblin_king, gammafunk_temple_overflow_elements,
          yredelemnul_altar_generic

Skill      XL: |  1  2  3  4 |
---------------+-------------+-----
Maces & Flails | 3 |  3.0
Fighting       | 3 4 |  4.0
Dodging        | 2 |  2.4
Spellcasting   | 3 |  3.0
Charms         | |  2.6

Action                   |  1- 3 |  4- 6 || total
-------------------------+-------+-------++-------
Melee: Mace              |   131 |    50 ||   181
 Cast: Infusion          |     1 |     1 ||     2
  Use: Potion            |     2 |     1 ||     3
       Scroll            |     2 |       ||     2
  Eat: Chunk             |     3 |     1 ||     4
